 Dungeon Crawl Stone Soup version 0.30.1-3-gfc49f6343a (webtiles) character file.

Game seed: 10729531505066271416

20 spardeous the Conjurer (level 2, -2/20 HPs)
             Began as a Demigod Conjurer on July 28, 2023.
             Slain by a gnoll
             ... wielding a +0 halberd
              (9 damage)
             ... on level 2 of the Dungeon.
             The game lasted 00:00:47 (1019 turns).

spardeous the Conjurer (Demigod Conjurer)           Turns: 1019, Time: 00:00:48

Health: -2/20      AC:  5    Str:  8    XL:     2   Next: 42%
Magic:  4/7        EV: 10    Int: 20    God:
Gold:   67         SH:  0    Dex: 12    Spells: 3/4 levels left

rFire   . . .        (no weapon)
rCold   . . .        (no shield)
rNeg    . . .        g - +0 ring mail {Will+}
rPois   .            (no helmet)
rElec   .            (no cloak)
rCorr   .            (no gloves)
SInv    .            (no boots)
Will    +....        (no amulet)
Stlth   +            (no ring)
HPRegen 0.23/turn    (no ring)
MPRegen 0.10/turn

%: no passive effects
@: no status effects
A: high MP 1, forlorn, divine attributes
a: no special abilities


You were on level 2 of the Dungeon.
You visited 1 branch of the dungeon, and saw 2 of its levels.

You collected 67 gold pieces.

Inventory:

Armour
 a - a +0 robe
 g - a +0 ring mail of willpower (worn)
Scrolls
 c - a scroll of identify {unknown}
 d - a scroll of poison {unknown}
 e - a scroll of fear {unknown}
 f - a scroll of enchant armour {unknown}
Potions
 b - a potion of magic
 h - a potion of haste {unknown}


   Skills:
 - Level 1.7 Dodging
 - Level 1.7 Stealth
 - Level 1.7 Spellcasting
 + Level 4.3 Conjurations


You had 3 spell levels left.
You knew the following spells:

 Your Spells              Type           Power      Damage    Failure   Level
a - Magic Dart            Conj           76%        1d6       9%          1

Your spell library contained the following spells:

 Spells                   Type           Power      Damage    Failure   Level
 Searing Ray              Conj           38%        2d5       13%         2
 Dazzling Flash           Conj/Hex       20%        N/A       52%         3
 Fulminant Prism          Conj/Hex       5%         3d7       90%         4
 Iskenderun's Mystic Bla  Conj/Tloc      10%        2d4       90%         4


Dungeon Overview and Level Annotations

Branches:
Dungeon (2/15)


Innate Abilities, Weirdness & Mutations

You have an increased reservoir of magic. (+10% MP)
You shall have no god before yourself.
Your divine heritage dramatically boosts your attributes as you level up.


Message History

You take 5 damage, and have 15/20 hp.
MASSIVE DAMAGE!!
The gnoll attacks as you move away! The gnoll misses you.
The gnoll attacks as you move away! The gnoll misses you.
The gnoll attacks as you move away! The gnoll hits you with a +0 whip.
You take 6 damage, and have 11/20 hp.
MASSIVE DAMAGE!!
The gnoll attacks as you move away! The gnoll hits you with a +0 whip.
You take 1 damage, and have 11/20 hp.
MP restored: 7 The adder attacks as you move away!
The adder barely misses you. The adder bites you but does no damage.
There are monsters nearby!
Casting: Magic Dart (safe; 9% risk of failure)
Confirm with . or Enter, or press ? or * to list all spells.
Aiming: Magic Dart (safe; 9% risk of failure)
Press: ? - help, Shift-Dir - straight line, f/p - gnoll
Aim: a gnoll, wielding a +0 whip (lightly wounded, 100% to hit)
The magic dart hits the adder.
The adder is moderately wounded.
The adder bites you.
You take 2 damage, and have 10/20 hp.
You now have 6/7 mp.
There are monsters nearby!
Casting: Magic Dart (safe; 9% risk of failure)
Confirm with . or Enter, or press ? or * to list all spells.
Aiming: Magic Dart (safe; 9% risk of failure)
Press: ? - help, Shift-Dir - straight line, f/p - gnoll
Aim: a gnoll, wielding a +0 whip (lightly wounded, 100% to hit)
The magic dart hits the adder.
The adder is heavily wounded.
The adder bites you.
* * * LOW HITPOINT WARNING * * *
There are monsters nearby!
Casting: Magic Dart (safe; 9% risk of failure)
Confirm with . or Enter, or press ? or * to list all spells.
Aiming: Magic Dart (safe; 9% risk of failure)
Press: ? - help, Shift-Dir - straight line, f/p - gnoll
Aim: a gnoll, wielding a +0 whip (lightly wounded, 100% to hit)
The magic dart hits the adder.
You kill the adder!
The gnoll hits you from afar with a +0 halberd!
You die...

.....##########..........#..
........##...............#..
^......##...............#..
......##...............'..
#.#...#......g...g.....#..
#.#...#....g.#########.#..
#[.......gg..# #.#..
###...###.#### #S#..
#...###@#


#gg.g #.......# ##### #...##### ##.## #.# #.# #.# ########'### #..........####
You could see 3 gnolls.

Vanquished Creatures
  An adder (D:2)
  A dart slug (D:2)
  2 ball pythons (D:1)
  2 giant cockroaches (D:1)
  A goblin (D:1)
  A hobgoblin (D:1)
  2 kobolds
  4 quokkas (D:1)
  2 bats (D:1)
16 creatures vanquished.

Notes
Turn   | Place    | Note
-------+----------+-------------------------------------------
     0 | D:1      | spardeous the Demigod Conjurer began the quest for the Orb.
     0 | D:1      | Reached XP level 1. HP: 14/14 MP: 5/5
   207 | D:1      | Reached skill level 4 in Conjurations
   289 | D:1      | Reached XP level 2. HP: 20/20 MP: 5/7
  1019 | D:2      | Slain by a gnoll

Illustrated notes

Levels and vault maps discovered:
D:1:      denvon_arrival_hothouse, layout_rooms, kennysheep_decorative_pillar
D:2:      kennysheep_six_static_rooms, layout_basic

Skill      XL: |  1 |
---------------+----+-----
Conjurations   | 4 |  4.3
Dodging        | |  1.7
Stealth        | |  1.7
Spellcasting   | |  1.7

Action                     || total
---------------------------++-------
   Cast: Magic Dart        ||    42
 Armour: Ring mail         ||     2
  Dodge: Dodged            ||     5
